 Dungeon Crawl Stone Soup version 0.20.1-1-g8b1a95d (webtiles) character file.

42217 Jazqa the Warrior (level 13, -13/127 HPs)
             Began as a Minotaur Berserker on Oct 24, 2017.
             Was a High Priest of Trog.
             Mangled by a lorocyproca (16 damage)
             ... in the Vestibule of Hell.
             The game lasted 00:35:15 (13010 turns).

Jazqa the Warrior (Minotaur Berserker)             Turns: 13010, Time: 00:35:17

Health: -13/127    AC: 25    Str: 22    XL:     13   Next: 84%
Magic:  0/12       EV: 16    Int:  8    God:    Trog [*****.]
Gold:   614        SH:  0    Dex: 15    Spells: 12/12 levels left

rFire    . . .     SeeInvis .   G - +5 scimitar (holy)
rCold    + . .     Gourm    .   (no shield)
rNeg     + . .     Faith    +   a - +2 chain mail "Ecvem Nar" {+Inv rC+ Int+4}
rPois    +         Spirit   .   (helmet restricted)
rElec    .         Reflect  .   o - +1 cloak
rCorr    .         Harm     .   q - +0 pair of gloves
MR       +....                  Q - +4 pair of boots of the Merchant {MR+ Regen+}
Stlth    ..........             H - amulet of faith {!P}
Regen    1.2/turn               P - ring of poison resistance
MPRegen  0.2/turn               N - ring of positive energy

@: lethally poisoned (-13 -> -13)
A: retaliatory headbutt, horns 2, regeneration 1, shaggy fur 1
a: Berserk, Trog's Hand, Brothers in Arms, Burn Spellbooks, Renounce Religion,
Evoke Invisibility


You were in the Vestibule of Hell.
You worshipped Trog.
Trog was extremely pleased with you.
You were hungry.

You visited 5 branches of the dungeon, and saw 17 of its levels.
You also visited: Ossuary.

You collected 880 gold pieces.
You spent 266 gold pieces at shops.


Innate Abilities, Weirdness & Mutations

You reflexively headbutt those who attack you in melee.
You have a pair of horns on your head.
Your natural rate of healing is unusually fast.
You are covered in fur. (AC +1)


   Skills:
 + Level 15.5 Fighting
 - Level 14.0 Long Blades
 + Level 13.2 Armour
 + Level 13.4 Dodging


You had 12 spell levels left.
You didn't know any spells.

Inventory:

Hand Weapons
 G - a +5 scimitar of holy wrath (weapon)
 O - a +0 short sword of distortion
Missiles
 i - 2 throwing nets {=f}
Armour
 a - the +2 chain mail "Ecvem Nar" (worn) {+Inv rC+ Int+4}
   (You bought it in a shop on level 8 of the Dungeon)

   It affects your intelligence (+4).
   It protects you from cold.
   It lets you turn invisible.
 o - a +1 cloak (worn)
 q - a +0 pair of gloves (worn)
 Q - the +4 pair of boots of the Merchant (worn) {MR+ Regen+}
   (You found it on level 3 of the Lair of Beasts)

   It affects your resistance to hostile enchantments.
   It increases your rate of regeneration.
 R - a +0 pair of boots of flying
Jewellery
 c - an uncursed ring of ice
 C - an uncursed ring of ice
 H - an amulet of faith (around neck) {!P}
 L - an uncursed ring of flight
 N - a ring of positive energy (right hand)
 P - a ring of poison resistance (left hand)
Wands
 v - a wand of lightning (9/15)
 A - a wand of clouds (4/9)
 B - a wand of enslavement (18/24)
 X - a wand of iceblast (7/15)
Scrolls
 d - 2 scrolls of enchant weapon
 l - 9 scrolls of remove curse {@r2}
 u - 3 scrolls of recharging
 w - a scroll of fog
 y - 5 scrolls of enchant armour
 I - 3 scrolls of teleportation {@r4}
 J - 2 scrolls of magic mapping
 U - 6 scrolls of identify {@r1}
Potions
 b - a potion of degeneration {unknown}
 e - 3 potions of flight
 f - 3 potions of curing {@q1}
 g - 3 potions of cancellation {unknown}
 h - 3 potions of haste {unknown}
 j - 2 potions of resistance {unknown}
 m - 3 potions of brilliance
 r - 4 potions of magic
 t - 3 potions of lignification {unknown}
 z - 2 potions of invisibility {unknown}
 D - 2 potions of might {unknown}
 M - a potion of agility {unknown}
 S - a potion of berserk rage {unknown}
Books
 s - a Young Poisoner's Handbook

   Spells                             Type                      Level
   a - Sting                          Conjuration/Poison           1
   b - Poisonous Vapours              Poison/Air                   2
   c - Mephitic Cloud                 Conjuration/Poison/Air       3
   d - Olgreb's Toxic Radiance        Poison                       4
   e - Venom Bolt                     Conjuration/Poison           5
   Trog disapproves of the use of such an item.
 x - the Handbook of Dusty Protection
   (You found it on level 1 of the Lair of Beasts)

   Spells                             Type                      Level
   a - Song of Slaying                Charms                       2
   b - Passwall                       Transmutation/Earth          2
   c - Ring of Flames                 Charms/Fire                  7
   d - Shatter                        Earth                        9
   Trog disapproves of the use of such an item.
 F - a book of Party Tricks

   Spells                             Type                      Level
   a - Summon Butterflies             Summoning                    1
   b - Apportation                    Translocation                1
   c - Lesser Beckoning               Translocation                3
   d - Tukima's Dance                 Hexes                        3
   e - Alistair's Intoxication        Transmutation/Poison         5
   f - Invisibility                   Hexes                        6
   Trog disapproves of the use of such an item.
Comestibles
 n - 6 meat rations {@e1}
 p - 5 bread rations {@e1}
 Y - 2 royal jellies {@e3}

Dungeon Overview and Level Annotations

Branches:
Dungeon (8/15)             Temple (1/1) D:5            Lair (6/6) D:8
 Shoals (0/4) Lair:4        Snake (0/4) Lair:3        Slime (0/5) Lair:6
   Hell (1/1)                 Geh (1/7) Hell
    Dis: Hell:1         Coc: Hell:1         Tar: Hell:1

Altars:
Ashenzari
Cheibriados
Elyvilon
Fedhas
Gozag
Makhleb
Ru
Sif Muna
Xom
Yredelemnul
Zin
The Shining One

Shops:
D:7 %   D:8 [

Portals:
Hell: Lair:6

Annotations:
Hell Geryon

▒................##
▒▒▒.................#
....................#
....................#
................§...#
........T....&.2§...#
........W....24O§...#
....5.........5≈#2..#
....Z.......4Z4≈@#§§
....2T.......≈#4..#.
.....2......§≈....#
.............#......
.............##...§§#
.........###..§...#.#
........≈≈#≈#§#..#≈.#
.......#≈### .#≈§..#
.......≈## . .


You could see Geryon, 3 hell beasts, 2 ice devils, 2 red devils, a crimson imp,
a five-headed hydra zombie and a friendly two-headed ogre (berserk).


Message History

You headbutt the ice devil.
Geryon winds a great silver horn.
You slash the ice devil!
The ice devil convulses!
The ice devil is heavily wounded.
The red devil hits you but does no damage.
Your two-headed ogre closely misses the red devil.
Your two-headed ogre hits the red devil with a giant spiked club!!
The red devil hits you from afar with a demon trident of venom!
* * * LOW HITPOINT WARNING * * *
The red devil hits you from afar with an enchanted trident.
* * * LOW HITPOINT WARNING * * *
Something hits you!!
* * * LOW HITPOINT WARNING * * *
Unknown command.
You hit something.
You feel sick. The ice devil misses you. You furiously retaliate!
You headbutt the ice devil, but do no damage.
You riposte.
You hit the ice devil but do no damage. Your headbutt misses the ice devil.
The ice devil is heavily wounded.
Geryon winds a great silver horn.
You hit something. You headbutt something.
Your two-headed ogre hits the red devil with a giant club!!
The red devil dies!
Trog accepts your kill.
The red devil hits you but does no damage.
The hell beast bites you but does no damage.
The hell beast tramples you but does no damage.
Something hits you!
You die...

Skill      XL: |  1  2  3  4  5  6  7  8  9 10 11 12 13 |
---------------+----------------------------------------+-----
Long Blades    | 4 5 6 8 10 12 13 14 | 14.0
Armour         | 3 4 5 6 7 9 11 13 | 13.2
Fighting       | 4 5 6 8 10 11 13 14 15 | 15.5
Dodging        | 3 4 5 7 8 9 10 12 13 | 13.4

Action                   |  1- 3 |  4- 6 |  7- 9 | 10-12 | 13-15 || total
-------------------------+-------+-------+-------+-------+-------++-------
Melee: Falchion          |    53 |   116 |   359 |       |       ||   528
       Headbutt          |    10 |    32 |   108 |   146 |    74 ||   370
       Scimitar          |       |       |    41 |   466 |   183 ||   690
       Short sword       |       |       |       |       |    16 ||    16
Invok: Berserk           |       |     2 |     1 |     3 |       ||     6
       Brothers in Arms  |       |       |       |     2 |     8 ||    10
       Trog's Hand       |       |       |       |     2 |     2 ||     4
       Burn Spellbooks   |       |       |       |     1 |       ||     1
  Use: Scroll            |     6 |     3 |     8 |     6 |     5 ||    28
       Potion            |       |       |       |     3 |     6 ||     9
 Stab: Distracted        |       |       |       |       |     1 ||     1
  Eat: Chunk             |       |     8 |     9 |    22 |     6 ||    45
       Bread ration      |       |       |     1 |       |       ||     1
Armor: Animal skin       |     4 |       |       |       |       ||     4
       Chain mail        |     7 |    66 |    78 |   233 |   126 ||   510
       Ring mail         |       |       |    99 |       |       ||    99
Dodge: Dodged            |    34 |    59 |   226 |   253 |   192 ||   764
       Rpst.: Falchion   |    10 |    15 |    56 |       |       ||    81
       Scimitar          |       |       |     7 |    49 |    41 ||    97

Vault maps used:
D:1:      arrival_aquarium_b
D:2:      uniq_jessica, uniq_sigmund
D:3:      first_bread, grunt_gozag_breadcrumbs, uniq_crazy_yiuf_cottage
D:5:      cheibrodos_iron_armory, minmay_temple_entry_mist,
          nicolae_ossuary_entry_plus
D:7:      serial_shops, shop, uniq_prince_ribbit1
D:8:      lair_entry_dummy, serial_shops, kennysheep_mini_moat
Temple:   nicolae_temple_the_god_donut
Lair:2:   nicolae_volcano_entry_s_turn, minivault_24, serial_bayou_pond_d,
          uniq_sonja
Lair:3:   minmay_guarded_unrand_snakebite, guppyfry_snake_entry_island
Lair:4:   beast_lair_carwin_large_1, shoals_dummy_entry
Lair:5:   minmay_lair_drake_nest
Lair:6:   evil_forest, nicolae_slime_entry_slimehenge, uniq_nessos
Ossuary:  ossuary_tomb_2

Notes
Turn   | Place    | Note
-------+----------+-------------------------------------------
     0 | D:1      | Jazqa the Minotaur Berserker began the quest for the Orb.
     0 | D:1      | Reached XP level 1. HP: 19/19 MP: 0/0
     4 | D:1      | Noticed an electric eel
     4 | D:1      | Noticed an electric eel
   175 | D:1      | Reached XP level 2. HP: 27/27 MP: 1/1
   793 | D:2      | Reached skill level 4 in Long Blades
   793 | D:2      | Reached skill level 3 in Armour
   807 | D:2      | Noticed Jessica
   808 | D:2      | Reached XP level 3. HP: 32/33 MP: 2/2
   830 | D:2      | Killed Jessica
   830 | D:2      | Reached skill level 4 in Fighting
   979 | D:2      | Reached skill level 3 in Dodging
   979 | D:2      | Reached XP level 4. HP: 28/40 MP: 3/3
  1066 | D:2      | Noticed Sigmund
  1072 | D:2      | Killed Sigmund
  1072 | D:2      | Reached ** piety under Trog
  1072 | D:2      | Reached skill level 5 in Long Blades
  1072 | D:2      | Reached skill level 4 in Armour
  1072 | D:2      | Reached XP level 5. HP: 47/47 MP: 4/4
  1687 | D:3      | Reached skill level 5 in Fighting
  1729 | D:3      | Reached skill level 4 in Dodging
  1729 | D:3      | Reached XP level 6. HP: 56/56 MP: 5/5
  1843 | D:3      | Found an opulent altar of Gozag.
  2191 | D:3      | Found a runed door.
  2195 | D:3      | Noticed Crazy Yiuf
  2201 | D:3      | Killed Crazy Yiuf
  2825 | D:4      | Reached *** piety under Trog
  2841 | D:4      | Reached skill level 5 in Armour
  2884 | D:4      | Reached XP level 7. HP: 50/61 MP: 6/6
  3069 | D:5      | Entered Level 5 of the Dungeon
  3096 | D:5      | Reached skill level 5 in Dodging
  3169 | D:5      | Reached skill level 6 in Long Blades
  3254 | D:5      | Reached skill level 6 in Fighting
  3311 | D:5      | Reached **** piety under Trog
  3431 | D:5      | Found a staircase to the Ecumenical Temple.
  3441 | Temple   | Entered the Ecumenical Temple
  3522 | D:5      | Reached skill level 6 in Armour
  3833 | D:5      | Found a sand-covered staircase.
  3841 | Ossuary  | Entered an ossuary
  3860 | Ossuary  | Reached XP level 8. HP: 67/71 MP: 7/7
  4185 | D:6      | Reached skill level 7 in Long Blades
  4249 | D:6      | Reached skill level 7 in Fighting
  4249 | D:6      | Reached skill level 6 in Dodging
  4963 | D:6      | Reached ***** piety under Trog
  4963 | D:6      | Reached skill level 8 in Long Blades
  5059 | D:7      | Reached skill level 8 in Fighting
  5059 | D:7      | Reached skill level 7 in Dodging
  5076 | D:7      | Noticed Prince Ribbit
  5100 | D:7      | Killed Prince Ribbit
  5100 | D:7      | Reached XP level 9. HP: 52/81 MP: 8/8
  5281 | D:7      | Found Soyrr's Food Shop.
  5493 | D:7      | Reached skill level 9 in Long Blades
  6030 | D:7      | Reached skill level 9 in Fighting
  6119 | D:8      | Reached skill level 8 in Dodging
  6243 | D:8      | Received a gift from Trog
  6255 | D:8      | Found Eciolomp's Antique Armour Boutique.
  6258 | D:8      | Bought a warped chain mail for 266 gold pieces
  6274 | D:8      | Identified the +2 chain mail "Ecvem Nar" {+Inv rC+ Int+4} (You bought it in a shop on level 8 of the Dungeon)
  6442 | D:8      | Reached skill level 10 in Long Blades
  6465 | D:8      | Killed an unseen horror
  6465 | D:8      | Reached skill level 10 in Fighting
  6836 | D:8      | Paralysed by a hornet for 2 turns
  6842 | D:8      | Reached XP level 10. HP: 63/94 MP: 9/9
  6969 | D:8      | Found a staircase to the Lair.
  7129 | Lair:1   | Entered Level 1 of the Lair of Beasts
  7234 | Lair:1   | Noticed a spiny frog
  7241 | Lair:1   | Killed a spiny frog
  7241 | Lair:1   | Reached skill level 11 in Fighting
  7241 | Lair:1   | Reached skill level 11 in Long Blades
  7287 | Lair:1   | Identified the Handbook of Dusty Protection
  7536 | Lair:1   | Noticed a spiny frog
  7549 | Lair:1   | Killed a spiny frog
  7655 | Lair:1   | Gained mutation: Potions are less effective at restoring your health. [potion of mutation]
  7655 | Lair:1   | Gained mutation: You are clumsy. (Dex -2) [potion of mutation]
  7655 | Lair:1   | Gained mutation: You possess an exceptional clarity of mind. [potion of mutation]
  7656 | Lair:1   | Lost mutation: You are clumsy. (Dex -2) [potion of mutation]
  7656 | Lair:1   | Lost mutation: You possess an exceptional clarity of mind. [potion of mutation]
  7656 | Lair:1   | Gained mutation: Your spells are a little easier to cast, but a little less powerful. [potion of mutation]
  7656 | Lair:1   | Gained mutation: Your natural rate of healing is unusually fast. [potion of mutation]
  7657 | Lair:1   | Lost mutation: Your spells are a little easier to cast, but a little less powerful. [potion of mutation]
  7657 | Lair:1   | Lost mutation: Potions are less effective at restoring your health. [potion of mutation]
  7657 | Lair:1   | Gained mutation: You are covered in fur. (AC +1) [potion of mutation]
  7857 | Lair:2   | Noticed Sonja
  8023 | Lair:2   | Noticed a spiny frog
  8032 | Lair:2   | Killed a spiny frog
  8161 | Lair:2   | Reached skill level 7 in Armour
  8194 | Lair:2   | Killed Sonja
  8344 | Lair:2   | Reached skill level 12 in Long Blades
  8398 | Lair:2   | Reached skill level 9 in Dodging
  8408 | Lair:2   | Reached XP level 11. HP: 93/104 MP: 10/10
  8587 | Lair:2   | Received a gift from Trog
  8587 | Lair:2   | Reached skill level 12 in Fighting
  8603 | Lair:2   | Reached skill level 8 in Armour
  8997 | Lair:3   | Got a pair of shimmering boots
  9008 | Lair:3   | Identified the +4 pair of boots of the Merchant {MR+ Regen+} (You found it on level 3 of the Lair of Beasts)
  9312 | Lair:3   | Reached skill level 9 in Armour
  9327 | Lair:3   | Reached skill level 10 in Dodging
  9546 | Lair:3   | Found a staircase to the Snake Pit.
  9556 | Lair:3   | Reached skill level 13 in Long Blades
  9868 | Lair:3   | Reached skill level 13 in Fighting
 10150 | Lair:4   | Reached XP level 12. HP: 115/115 MP: 11/11
 10216 | Lair:4   | Found a staircase to the Shoals.
 10267 | Lair:4   | Reached skill level 10 in Armour
 10309 | Lair:4   | Noticed Jazqa's ghost (journeyman DrBe)
 10319 | Lair:4   | Killed Jazqa's ghost
 10319 | Lair:4   | Reached skill level 11 in Dodging
 10540 | Lair:4   | Noticed an anaconda
 10552 | Lair:4   | Killed an anaconda
 11313 | Lair:5   | Reached skill level 11 in Armour
 11656 | Lair:5   | Received a gift from Trog
 11749 | Lair:5   | Reached skill level 14 in Long Blades
 11965 | Lair:5   | Reached skill level 14 in Fighting
 12013 | Lair:6   | Entered Level 6 of the Lair of Beasts
 12041 | Lair:6   | Found a staircase to the Slime Pits.
 12244 | Lair:6   | Reached skill level 12 in Dodging
 12277 | Lair:6   | Noticed a six-headed hydra
 12278 | Lair:6   | Reached XP level 13. HP: 124/124 MP: 12/12
 12471 | Lair:6   | Reached skill level 12 in Armour
 12657 | Lair:6   | Noticed a dire elephant
 12674 | Lair:6   | Killed a dire elephant
 12739 | Lair:6   | Found a burning altar of Makhleb.
 12759 | Lair:6   | Reached skill level 15 in Fighting
 12763 | Lair:6   | Found a gateway to Hell.
 12774 | Hell     | Entered the Vestibule of Hell
 12774 | Hell     | Noticed Geryon
 12811 | Hell     | Found a gateway to the ashen valley of Gehenna.
 12818 | Hell     | Reached skill level 13 in Dodging
 12832 | Geh:1    | Entered Level 1 of Gehenna
 12832 | Geh:1    | Found a gateway to Hell.
 12885 | Geh:1    | Reached skill level 13 in Armour
 13003 | Geh:1    | Noticed a Brimstone Fiend
 13008 | Hell     | HP: 3/127 [something (28)]
 13010 | Hell     | Mangled by a lorocyproca

Vanquished Creatures
  A dire elephant (Lair:6)
  The ghost of Jazqa the Fighter, a journeyman DrBe of Trog (Lair:4)
  A hydra (Lair:6)
  An anaconda (Lair:4)
  5 hell hogs
  An anaconda zombie (Hell)
  An unseen horror (D:8)
  A wizard (Lair:6)
  A golden dragon skeleton (Geh:1)
  A lindwurm (Lair:6)
  12 elephants
  12 spiny frogs
  6 black mambas
  A hellion (Hell)
  4 rime drakes
  2 torpor snails
  5 komodo dragons
  A red devil (Geh:1)
  A hellwing (Lair:6)
  A harpy zombie (Geh:1)
  A hornet (D:8)
  10 blink frogs
  10 hippogriffs
  Prince Ribbit (D:7)
  10 dream sheep
  2 shadows (Geh:1)
  Sigmund (D:2)
  A wyvern (D:8)
  18 yaks
  4 fire elementals
  A naga (Lair:3)
  6 hell hounds
  6 porcupines
  23 water moccasins
  A black bear (D:8)
  A sky beast (D:6)
  3 orc warriors
  4 phantoms
  A centaur (D:8)
  A necrophage (D:6)
  8 crocodiles
  A big kobold (D:7)
  14 bullfrogs
  A gnoll sergeant (D:6)
  4 killer bees (D:8)
  5 scorpions
  A howler monkey (D:4)
  2 crimson imps
  2 hounds
  A centaur zombie (D:6)
  2 bullfrog zombies
  3 orc priests
  Crazy Yiuf (D:3)
  2 jellies
  Jessica (D:2)
  An iguana (D:5)
  8 orc wizards
  A hell rat (Hell)
  5 worker ants
  A killer bee zombie (D:5)
  A big kobold zombie (Ossuary)
  A hound skeleton (D:8)
  2 mummies (Ossuary)
  3 gnolls (D:6)
  11 adders
  2 shadow imps
  5 oozes (Lair:6)
  An adder skeleton (D:6)
  10 adder zombies (Ossuary)
  3 worms
  2 dart slugs (D:3)
  9 leopard geckos
  40 orcs
  6 bats
  5 giant cockroaches
  2 gnoll zombies (Ossuary)
  7 goblins
  5 hobgoblins
  A jackal (D:2)
  A quokka (D:4)
  A ball python (D:5)
  6 frilled lizards
  3 hobgoblin zombies (Ossuary)
  12 kobolds
  5 kobold zombies (Ossuary)
  A leopard gecko skeleton (D:5)
  6 orc zombies (Ossuary)
  A quokka zombie (D:5)
  3 rats
  A fungus (Lair:4)
  A plant (Lair:4)
385 creatures vanquished.

Vanquished Creatures (collateral kills)
  2 soul eaters (Hell)
  Sonja (Lair:2)
  A sun demon (Lair:6)
  A stone giant skeleton (Geh:1)
  2 orange demons (Lair:6)
  A smoke demon (Hell)
  2 ice devils (Lair:6)
  3 red devils
  A freezing wraith (Hell)
  3 fire elementals (Hell)
  3 hell rats (Hell)
20 creatures vanquished.

Vanquished Creatures (others)
  A black mamba (Lair:6)
  A water moccasin (Lair:6)
  2 fungi
  3 plants
7 creatures vanquished.

Grand Total: 412 creatures vanquished
